AoeStats
← Papichan

Black Forest

508748138Analyzed
2v2 RM · 9d ago on Sep 23, 2026· 57m 40s· 4 players
Game mode
Random Map
Map size
Medium (4 player)
Population
200
Speed
Normal
Resources
Standard
Victory
Conquest
Starting age
Dark Age
Ending age
Imperial Age
RankedLock teamsTeams togetherTeam positionsShared explorationLock speedFull tech treeHidden civsTurbo modeCheats
Victory
Defeat
🇹🇷 Portuguese · Türkiye
877
+12
🇹🇷 Vietnamese · Türkiye
793
+14
🇦🇷 Romans · Argentina
775
-13
🇵🇪 Byzantines · Peru
775
-13
Noathone
12:06 Feudal Age
19:26 Castle Age
25:56 Double-Bit Axe
26:30 Fletching
27:54 Bow Saw
29:40 Bodkin Arrow
35:47 Gold Mining
35:47 Stone Mining
41:22 Imperial Age
40:24 Gold Shaft Mining
40:24 Scale Barding Armor
43:55 Wheelbarrow
43:44 Chain Barding Armor
45:17 Two-Man Saw
44:29 Forging
46:30 Conscription
Papichan
0:38 Loom
12:19 Feudal Age
18:00 Castle Age
22:39 Double-Bit Axe
24:51 Wheelbarrow
23:40 Man-at-Arms
24:33 Scale Mail Armor
24:58 Long Swordsman
28:03 Husbandry
28:19 Bloodlines
28:33 Ballistas
29:32 Caravan
29:11 Light Cavalry
31:02 Fletching
31:14 Padded Archer Armor
31:27 Horse Collar
33:10 Murder Holes
33:38 Heavy Plow
34:11 Fortified Wall
33:32 Elite Skirmisher
35:11 Masonry
35:34 Bow Saw
36:50 Leather Archer Armor
36:31 Bodkin Arrow
37:02 Forging
37:52 Ballistics
38:49 Hand Cart
39:32 Scale Barding Armor
40:50 Husbandry
40:55 Pikeman
41:35 Squires
46:55 Imperial Age
45:33 Chain Mail Armor
47:01 Gold Mining
47:23 Heavy Scorpion
49:38 Halberdier
51:18 Ring Archer Armor
55:55 Chemistry
bıyık
11:51 Feudal Age
10:08 Loom
17:20 Castle Age
16:24 Fletching
18:54 Bodkin Arrow
22:55 Gold Mining
25:33 Double-Bit Axe
26:50 Pikeman
30:46 Horse Collar
32:15 Heavy Plow
37:28 Imperial Age
36:26 Bow Saw
38:18 Halberdier
39:10 Stone Mining
41:39 Chemistry
41:14 Crop Rotation
43:29 Arson
45:41 Bracer
45:35 Loom
46:26 Wheelbarrow
46:41 Arquebus
50:03 Ballistics
49:54 Masonry
49:25 Treadmill Crane
52:44 Two-Man Saw
52:11 Padded Archer Armor
51:36 Elite Skirmisher
53:40 Leather Archer Armor
53:26 Scale Mail Armor
53:37 Forging
55:34 Siege Engineers
56:00 Architecture
55:29 Murder Holes
55:46 Fortified Wall
55:58 Bombard Tower
56:10 Ring Archer Armor
55:56 Chain Mail Armor
56:17 Iron Casting
58:29 Hand Cart
FETALDNATESTİ
13:46 Feudal Age
14:14 Double-Bit Axe
22:16 Castle Age
21:56 Fishing Lines
23:54 Pikeman
30:16 Fletching
31:52 Gold Mining
31:44 Horse Collar
35:02 Imperial Age
32:48 Bow Saw
33:32 Wheelbarrow
32:43 Loom
34:44 Stone Mining
35:51 Hand Cart
35:43 Squires
37:48 Two-Man Saw
37:56 Chemistry
39:14 Stone Shaft Mining
38:18 Halberdier
40:26 Padded Archer Armor
40:21 Bodkin Arrow
40:35 Scale Barding Armor
40:31 Scale Mail Armor
40:31 Padded Archer Armor
40:42 Forging
42:17 Elite Rattan Archer
43:49 Elite Battle Elephant
44:20 Elite Skirmisher
44:34 Elite Fire Lancer
49:36 Imperial Skirmisher
57:42 Chain Barding Armor
57:38 Chain Mail Armor
57:39 Leather Archer Armor
Connection lost

Rejoining the realm…

Still unreachable

The connection could not be restored.

Session expired

The server has moved on; the page needs a fresh start.